 Dungeon Crawl Stone Soup version 0.31-a0-828-gb7646bb5e3 (webtiles) character file.

Game seed: 10206295511582067453

19394 DocSulfur the Spear-Bearer (level 12, 0/96 HPs)
             Began as a Vampire Berserker on Sept 24, 2023.
             Was an Elder of Trog.
             Succumbed to Nessos's poison
             ... on level 1 of the Orcish Mines.
             The game lasted 00:24:54 (11300 turns).

DocSulfur the Spear-Bearer (Vampire Berserker)     Turns: 11300, Time: 00:24:55

Health: 0/96       AC: 20    Str: 28    XL:     12   Next: 36%
Magic:  21/21      EV:  8    Int: 13    God:    Trog [****..]
Gold:   622        SH:  0    Dex: 14    Spells: 11/11 levels left

rFire   + . .        b - +9 halberd of Okawaru's Generosity {speed, Str+5}
rCold   . . .        (shield currently unavailable)
rNeg    . . .        Z - +0 plate armour
rPois   +            J - +2 helmet "Gerhueb" {MP+9 Str+3 Int+3}
rElec   .            (no cloak)
rCorr   .            e - +1 pair of gloves
SInv    +            f - +0 pair of boots
Will    +....        (no amulet) Stlth
                     n - ring of poison resistance
HPRegen 0.56/turn    s - ring of protection from fire
MPRegen 0.17/turn

%: no passive effects
@: lethally poisoned (0 -> -2), healing quickly
A: alive, fangs 3, see invisible, vampiric 2
a: Exsanguinate, Renounce Religion, Berserk, Trog's Hand, Brothers in Arms


You were on level 1 of the Orcish Mines.
You worshipped Trog.
Trog was greatly pleased with you.
You visited 3 branches of the dungeon, and saw 15 of its levels.
You also visited: Bailey.

You collected 829 gold pieces.
You spent 207 gold pieces at shops.

Inventory:

Hand Weapons
 b - the +9 halberd of Okawaru's Generosity (weapon) {speed, Str+5}
   (You bought it in a shop on level 4 of the Dungeon)

   Str+5:     It affects your strength (+5).
 C - a +0 trident
Missiles
 l - 8 boomerangs
 p - 9 poisoned darts (quivered)
 F - 3 throwing nets
Armour
 e - a +1 pair of gloves (worn)
 f - a +0 pair of boots (worn)
 J - the +2 helmet "Gerhueb" (worn) {MP+9 Str+3 Int+3}
   (You found it on level 6 of the Dungeon)

   Str+3:     It affects your strength (+3).
   Int+3:     It affects your intelligence (+3).
   MP+9:      It affects your magic capacity (+9).
 Z - a +0 plate armour (worn)
Jewellery
 a - an amulet of faith
 g - a ring of protection from cold
 n - a ring of poison resistance (left hand)
 s - a ring of protection from fire (right hand)
 y - a +5 ring of evasion
 G - a +6 ring of intelligence
 K - a ring of protection from cold
 S - the amulet of Keesh {Reflect Contam rPois Will- Int+5 SH+5}
   (You found it on level 7 of the Dungeon)

   [amulet of reflection]

   Reflect:   It reflects blocked missile attacks.
   Int+5:     It affects your intelligence (+5).
   rPois:     It protects you from poison Will-: It decreases your willpower.
   Contam:    It causes magical contamination when unequipped.
   SH+5:      It affects your SH (+5).
 T - a ring of protection from cold
 V - a +6 ring of intelligence
Talismans
 d - a beast talisman
Wands
 u - a wand of charming (20)
 w - a wand of flame (33)
 A - a wand of mindburst (10)
 H - a wand of roots (4)
 X - a wand of polymorph (8)
Scrolls
 h - a scroll of immolation
 i - 4 scrolls of teleportation
 j - 6 scrolls of enchant weapon
 k - 6 scrolls of fear
 o - 5 scrolls of vulnerability
 r - 2 scrolls of blinking
 B - a scroll of fog
 P - 6 scrolls of enchant armour
 Q - a scroll of summoning
 R - a scroll of acquirement
 W - a scroll of torment
Potions
 c - a potion of ambrosia {unknown}
 m - 4 potions of brilliance {unknown}
 q - 6 potions of might {unknown}
 t - 3 potions of magic {unknown}
 v - 4 potions of curing {unknown}
 x - 4 potions of invisibility
 z - a potion of attraction {unknown}
 D - a potion of degeneration {unknown}
 I - 2 potions of enlightenment {unknown}
 L - 2 potions of heal wounds {unknown}
 M - 4 potions of haste
 N - a potion of cancellation {unknown}
 O - 3 potions of resistance {unknown}


   Skills:
 + Level 9.5 Fighting
 + Level 14.8 Polearms
 + Level 7.5 Armour
 - Level 2.1 Dodging


You had 11 spell levels left.
You didn't know any spells.
Your spell library was empty.

Dungeon Overview and Level Annotations

Branches:
Dungeon (12/15)            Temple (1/1) D:6            Lair (0/5) D:10
    Orc (2/2) D:9          Bailey (visited)
    Elf: Orc:2

Altars:
Ashenzari
Cheibriados
Dithmenos
Fedhas
Gozag
Hepliaklqana
Kikubaaqudgha
Makhleb
Nemelex Xobeh
Okawaru
Qazlal
Ru
Sif Muna
Trog
Uskayaw
Vehumet
Wu Jian
Xom
Yredelemnul

Shops:
D:4 (   Orc:2 (

Portals:
Ice
Cave: Orc:1

Annotations:
D:8 exclusion: downstairs
D:12 exclusion: door
Orc:2 Nessos


Innate Abilities, Weirdness & Mutations

Your natural rate of healing is accelerated.
You have razor-sharp teeth.
You have supernaturally acute eyesight. (SInv)
You are afflicted with vampirism and can become a bat while bloodless.


Message History

The grasping roots grab you! The grasping roots constrict you.
Nessos wields a +1 longbow of flaming.
It bursts into flame!
Nessos shoots an arrow.
The arrow hits you but does no damage. The grasping roots constrict you.
You escape the roots grasp.
Nessos shoots an arrow.
The arrow hits you! The arrow burns you.
Nessos shoots an arrow.
The arrow hits you.
Nessos gestures wildly while chanting.
Nessos blinks!
Nessos zaps a wand.
The roots erupt in riotous growth!
The grasping roots grab you! The grasping roots constrict you.
You escape the roots grasp.
Nessos shoots an arrow.
The arrow hits you. The arrow burns you.
Nessos shoots an arrow.
The arrow hits you.
You are poisoned.
Nessos zaps a wand.
The roots erupt in riotous growth!
The grasping roots grab you! The grasping roots constrict you.
You escape the roots grasp.
You feel very sick.
Nessos shoots an arrow.
The arrow closely misses you.
Nessos casts a spell.
Nessos blinks!
Found a stone staircase leading up.
You feel very sick.
Nessos shoots an arrow.
The arrow hits you!
Nessos shoots an arrow.
The arrow hits you! The arrow burns you.
You feel sick.
Nessos shoots an arrow.
The arrow hits you!
* * * LOW HITPOINT WARNING * * *
The arrow burns you.
* * * LOW HITPOINT WARNING * * *
Nessos gestures wildly while chanting.
Nessos blinks!
Nessos shoots an arrow.
The arrow hits you but does no damage.
There is an escape hatch in the ceiling, spattered with blood here.
Okay, then.
You feel sick.
Nessos shoots an arrow.
The arrow hits you!
* * * LOW HITPOINT WARNING * * *
A mysterious force pulls you upwards. The hatch slams shut behind you.
You feel a wave of frost pass over you.
There is an entrance to an ice cave on this level.
Hurry and find it before the portal melts!
You hear the faint crackling of a melting archway very nearby.
You die...

##...##......#....## #...#
##.#................#####...
#...#.............# #......
###.......##.)......####......
##.......###..........#.##.....
#≈≈≈≈≈..###.....###).........#.
.≈#####..###....# ##.........##
#∩k....##.....# #......####
#k....≈#....@.######....## ##
#...≈#$#.......#..#......# #.
#..≈# #..................###.
....# #####................#.
$...≈ #.<..[.......#......
.###. #..#.......####.....
#####[[....# #..... #....###
###... #.#.## ##..


There were no monsters in sight!

Vanquished Creatures
  Snorg (D:10)
  Josephine (D:10)
  Erica (D:8)
  A boulder beetle (D:12)
  2 two-headed ogres
  4 skeletal warriors
  An orc knight (Bailey)
  An ugly thing (D:11)
  3 cyclopes (D:12)
  Maggie (D:7)
  An unseen horror (D:11)
  A hornet (D:8)
  3 trolls
  A shadow (D:10)
  A vampire (D:10)
  3 wyverns (D:10)
  3 wraiths (D:10)
  2 basilisks
  3 steam dragons
  3 vampire mosquitoes (D:7)
  13 yaks
  Menkaure (D:4)
  3 wargs
  3 water moccasins (D:10)
  14 orc warriors
  2 sky beasts
  3 ogres
  6 centaurs
  A phantom (D:7)
  A kobold brigand (D:5)
  2 bullfrogs (D:8)
  2 gnoll sergeants
  4 scorpions
  4 wights (D:6)
  11 killer bees
  13 howler monkeys
  7 orc priests
  3 jellies
  7 hounds
  3 iguanas
  Natasha (D:2)
  19 orc wizards
  7 adders
  14 gnolls
  An ufetubus (D:5)
  3 worms
  2 dart slugs (D:1)
  55 orcs
  4 bats
  9 endoplasms
  6 giant cockroaches
  6 goblins
  7 hobgoblins
  15 jackals
  7 quokkas
  6 ball pythons
  4 frilled lizards
  13 kobolds
  8 rats
327 creatures vanquished.

Notes
Turn   | Place    | Note
-------+----------+-------------------------------------------
     0 | D:1      | DocSulfur the Vampire Berserker began the quest for the
                  | Orb.
     0 | D:1      | Reached XP level 1. HP: 17/17 MP: 1/1
   151 | D:1      | Reached skill level 3 in Polearms
   183 | D:1      | Reached XP level 2. HP: 23/23 MP: 2/2
   604 | D:1      | Gained mutation: You are afflicted with vampirism and can
                  | become a bat while bloodless. [Vampire growth]
   604 | D:1      | Reached XP level 3. HP: 16/28 MP: 3/3
   895 | D:2      | Reached skill level 4 in Polearms
  1570 | D:2      | Reached ** piety under Trog
  1793 | D:2      | Reached XP level 4. HP: 34/34 MP: 4/4
  1820 | D:2      | Found a faded altar of an unknown god.
  1841 | D:2      | Noticed Natasha
  1891 | D:2      | Killed Natasha
  2286 | D:3      | Noticed an orc warrior
  2423 | D:3      | Reached skill level 5 in Polearms
  2448 | D:3      | Killed an orc warrior
  2449 | D:3      | Reached XP level 5. HP: 8/39 MP: 5/5
  2453 | D:3      | Reached skill level 6 in Polearms
  2953 | D:4      | Found Seufelli's Antique Weapon Shop.
  2976 | D:4      | Reached XP level 6. HP: 46/46 MP: 6/6
  3044 | D:4      | Reached *** piety under Trog
  3141 | D:4      | Noticed Menkaure
  3151 | D:5      | Entered Level 5 of the Dungeon
  3227 | D:4      | Killed Menkaure
  3404 | D:4      | Reached skill level 7 in Polearms
  3408 | D:4      | Reached XP level 7. HP: 45/45 MP: 7/7
  3672 | D:5      | Reached skill level 8 in Polearms
  4140 | D:5      | Found a burning altar of Makhleb.
  4304 | D:5      | Reached skill level 9 in Polearms
  4304 | D:5      | Reached XP level 8. HP: 50/57 MP: 8/8
  4713 | D:6      | Identified the +2 helmet "Gerhueb" {MP+9 Str+3 Int+3}
  4796 | D:6      | Found a staircase to the Ecumenical Temple.
  4947 | D:6      | Reached skill level 10 in Polearms
  5576 | Temple   | Entered the Ecumenical Temple
  5737 | D:4      | Bought a dazzling halberd for 207 gold pieces
  5737 | D:4      | Identified the +9 halberd of Okawaru's Generosity {speed,
                  | Str+5} (You bought it in a shop on level 4 of the Dungeon)
  5848 | D:7      | Reached skill level 11 in Polearms
  5848 | D:7      | Reached XP level 9. HP: 33/62 MP: 9/9
  5849 | D:7      | Noticed Maggie
  5861 | D:7      | Killed Maggie
  5899 | D:7      | Found a flagged portal.
  5964 | Bailey   | Entered a bailey
  6085 | Bailey   | Reached skill level 12 in Polearms
  6160 | Bailey   | Reached **** piety under Trog
  6252 | Bailey   | Noticed an orc knight
  6266 | Bailey   | Killed an orc knight
  6444 | D:7      | Identified the amulet of Keesh {Reflect Contam rPois Will-
                  | Int+5 SH+5}
  6843 | D:8      | Reached XP level 10. HP: 73/73 MP: 10/10
  6863 | D:8      | Reached skill level 5 in Fighting
  6912 | D:8      | Noticed Erica
  6928 | D:8      | Killed Erica
  6930 | D:8      | Reached skill level 13 in Polearms
  7273 | D:8      | Found a hide-covered altar of Uskayaw.
  7593 | D:9      | Noticed a skeletal warrior
  7593 | D:9      | Noticed a skeletal warrior
  7594 | D:9      | Noticed a skeletal warrior
  7594 | D:9      | Noticed a skeletal warrior
  7685 | D:9      | Noticed a two-headed ogre
  7700 | D:9      | Killed a two-headed ogre
  7740 | D:9      | Found a bloodstained altar of Trog.
  7742 | D:9      | Found an ancient bone altar of Kikubaaqudgha.
  8106 | D:8      | Killed a skeletal warrior
  8107 | D:8      | Reached XP level 11. HP: 84/84 MP: 11/11
  8168 | D:9      | Killed a skeletal warrior
  8209 | D:9      | Found a staircase to the Orcish Mines.
  8250 | D:9      | Found a basalt altar of Yredelemnul.
  8779 | D:10     | Entered Level 10 of the Dungeon
  8783 | D:10     | Found a shimmering altar of Xom.
  8837 | D:10     | Reached skill level 5 in Armour
  8854 | D:10     | Reached ***** piety under Trog
  8966 | D:10     | Found a broken altar of Ashenzari.
  9035 | D:10     | Found a staircase to the Lair.
  9451 | D:10     | Noticed Josephine
  9464 | D:10     | Killed Josephine
  9465 | D:10     | Reached skill level 14 in Polearms
  9526 | D:10     | Found an iron altar of Okawaru.
  9595 | D:10     | Noticed Snorg
  9607 | D:10     | Killed Snorg
  9824 | D:11     | Received a gift from Trog
  9883 | D:11     | Noticed a white ugly thing
  9897 | D:11     | Killed a white ugly thing
  9970 | D:11     | Noticed a two-headed ogre
  9979 | D:11     | Killed a two-headed ogre
 10489 | D:12     | Reached XP level 12. HP: 94/94 MP: 12/12
 10716 | D:12     | Noticed a boulder beetle
 10886 | D:12     | Killed a boulder beetle
 11136 | Orc:1    | Entered Level 1 of the Orcish Mines
 11247 | Orc:1    | Found a frozen archway.
 11247 | Orc:1    | You fall into a shaft and drop 1 floor!
 11247 | Orc:2    | Entered Level 2 of the Orcish Mines
 11255 | Orc:2    | Found Uchem's Antique Weapon Shoppe.
 11285 | Orc:2    | Noticed Nessos
 11299 | Orc:2    | HP: 1/96 [Nessos/arrow (8)]
 11300 | Orc:1    | Succumbed to Nessos's poison

Illustrated notes

Levels and vault maps discovered:
D:1:      eino_arrival_cavern_b, layout_basic, nrook_mini_vaults
D:2:      layout_loops_corners, serial_bayou, serial_bayou_shore_b,
          serial_bayou_pond_e, serial_bayou_ford_a, serial_bayou_lagoon_a,
          shapermc_ecumenical_altar_mp_ritualfount, uniq_natasha
D:3:      layout_basic, minmay_puff
D:4:      layout_cave_pools, serial_shops, shop, uniq_menkaure
D:5:      layout_loops_ring, makhleb_heckhound_becter, serial_bayou_pond_c,
          nrook_campfire, dk_noncrumbling_2, lexackson_kobold_supper
D:6:      layout_loops_ring, minmay_temple_entry_drinking_statues
D:7:      layout_cave_pools, enter_bailey_6, nicolae_elevator_lobby_asterisk,
          uniq_maggie
D:8:      layout_gridville, kennysheep_mini_moat,
          minmay_fractal_squares_gapless_5, uniq_erica
D:9:      minmay_flawed_box, layout_cave_pods,
          mainiacjoe_overflow_catwalk_spiral, nicolae_overflow_crystal_walls,
          david_orc_3
D:10:     layout_loops_ring, mainiacjoe_overflow_brackets,
          mainiacjoe_overflow_alcove_4, mainiacjoe_overflow_cross_hatched,
          minmay_lair_entry_grove, uniq_josephine, uniq_snorg
D:11:     layout_big_octagon
D:12:     layout_roguey
Temple:   nicolae_temple_great_sept
Orc:1:    layout_diamond_mine, serial_shops, shop, portal_ice_cave_rime,
          uniq_nergalle
Orc:2:    st_orc_congregation, layout_diamond_mine, basic_altar, serial_shops,
          shop, nicolae_shop_tiny_statue_garden,
          nicolae_shop_pleasant_corner_grove, nicolae_shop_bloodbath_and_beyond,
          led_sif_book, uniq_nessos

Skill      XL: |  1  2  3  4  5  6  7  8  9 10 11 12 |
---------------+-------------------------------------+-----
Polearms       | 3 4 5 6 7 9 11 12 13 14 | 14.8
Fighting       | 4 7 8 9 |  9.5
Armour         | 4 6 7 |  7.5
Dodging        | |  2.1

Action                     |  1- 3 |  4- 6 |  7- 9 | 10-12 || total
---------------------------+-------+-------+-------+-------++-------
  Melee: Spear             |   193 |   178 |    30 |       ||   401
         Bite              |    12 |    23 |    27 |    30 ||    92
         Punch             |     2 |     3 |       |       ||     5
         Trident           |       |       |   234 |       ||   234
         Halberd           |       |       |   120 |   447 ||   567
  Throw: Throwing net      |       |       |     2 |       ||     2
         Dart              |       |       |       |    10 ||    10
 Invoke: Berserk           |     2 |     2 |     5 |     9 ||    18
         Trog's Hand       |       |       |     2 |     1 ||     3
Ability: Exsanguinate      |       |     1 |       |       ||     1
         Revivify          |       |     1 |       |       ||     1
  Evoke: Wand              |       |       |     3 |       ||     3
    Use: Scroll            |       |     1 |     9 |     1 ||    11
   Stab: Held in net/web   |       |       |     2 |       ||     2
 Armour: Animal skin       |    54 |       |       |       ||    54
         Scale mail        |    37 |    64 |   165 |       ||   266
         Chain mail        |       |       |       |   115 ||   115
         Plate armour      |       |       |       |    19 ||    19
  Dodge: Dodged            |    89 |    52 |   105 |   114 ||   360
  Block: Buckler           |       |       |    21 |       ||    21
   Form: Beast             |     1 |       |       |       ||     1
                           |     1 |       |       |       ||     1

Table legend: (Time is in decaauts)
 A = Elapsed time spent in this place.
 B = Non-inter-level travel time spent in this place.
 C = Inter-level travel time spent in this place.
 D = Time resting spent in this place.
 E = Time spent auto-exploring this place.
 F = Levels seen in this place.
 G = Mean time per level.
                   A        B        C        D        E       F      G
               +--------+--------+--------+--------+--------+-----+--------+
         Total |  11145 |  10231 |    914 |    880 |   6363 |  16 |  696.6 |
       Dungeon |  10581 |   9667 |    914 |    763 |   6298 |  12 |  881.8 |
        Temple |     24 |     24 |      0 |      0 |     23 |   1 |   24.0 |
  Orcish Mines |    149 |    149 |      0 |      0 |      0 |   2 |   74.5 |
        Bailey |    389 |    389 |      0 |    116 |     42 |   1 |  389.0 |
               +--------+--------+--------+--------+--------+-----+--------+

Top non-repeatable levels by time:
     D:2: 1309 daAuts
     D:9: 1176 daAuts
     D:5: 1125 daAuts
    D:10: 1120 daAuts
     D:6: 1030 daAuts
     D:1: 920 daAuts
     D:8: 830 daAuts
     D:4: 705 daAuts
     D:3: 695 daAuts
    D:12: 620 daAuts
     D:7: 606 daAuts
    D:11: 438 daAuts
  Bailey: 389 daAuts
   Orc:1: 99 daAuts
   Orc:2: 50 daAuts
